 Dungeon Crawl Stone Soup version 0.26-b1-32-g5d43845318 (webtiles) character file.

Game seed: 18057311987334511216

1479 Arum the Shield-Bearer (level 9, -2/72 HPs)
             Began as a Formicid Fighter on Jan 8, 2021.
             Was an Initiate of Qazlal.
             Slain by Prince Ribbit (7 damage)
             ... on level 6 of the Dungeon.
             The game lasted 00:06:36 (4581 turns).

Arum the Shield-Bearer (Formicid Fighter)           Turns: 4581, Time: 00:06:37

Health: -2/72      AC:  8    Str: 20    XL:     9   Next: 6%
Magic:  9/9        EV:  9    Int: 12    God:    Qazlal [......]
Gold:   167        SH: 11    Dex: 10    Spells: 8/8 levels left

rFire    . . .     SeeInvis +   k - +3 quarterstaff (chaos)
rCold    + . .     Faith    .   c - +0 kite shield
rNeg     . . .     Spirit   .   b - +0 scale mail
rPois    .         Reflect  .   (helmet unavailable)
rElec    .         Harm     .   l - +0 cloak {Will+}
rCorr    .         Rampage  .   (no gloves)
Will     +....                  (no boots)
Stlth    ..........             (no amulet)
HPRegen  0.22/turn              m - ring of protection from cold
MPRegen  0.11/turn              (no ring)

@: lethally poisoned (-2 -> -5), flying, very slightly contaminated, invisible
A: permanent stasis, dig shafts and tunnels, four strong arms, antennae 3
a: Dig, Shaft Self, Renounce Religion


You were on level 6 of the Dungeon.
You worshipped Qazlal.
Qazlal was noncommittal.
You visited 1 branch of the dungeon, and saw 6 of its levels.

You collected 167 gold pieces.

Inventory:

Hand Weapons
 a - a +0 quarterstaff
 k - a +3 quarterstaff of chaos (weapon)
Armour
 b - a +0 scale mail (worn)
 c - a +0 kite shield (worn)
 l - a +0 cloak of willpower (worn)
Jewellery
 m - a ring of protection from cold (left hand)
Wands
 v - a wand of random effects (10)
Scrolls
 e - 2 scrolls of fog {unknown}
 f - 4 scrolls of identify {unknown}
 i - 2 scrolls of remove curse {unknown}
 p - 2 scrolls of amnesia {unknown}
 s - a scroll of enchant weapon {unknown}
 t - 3 scrolls of teleportation {unknown}
Potions
 d - a potion of might
 g - a potion of invisibility
 h - a potion of degeneration {unknown}
 j - a potion of flight
 n - a potion of attraction {unknown}
 o - a potion of curing {unknown}
 q - a potion of mutation {unknown}
 r - 2 potions of lignification {unknown}
 u - a potion of haste {unknown}
 w - a potion of cancellation {unknown}


   Skills:
 + Level 7.1 Fighting
 + Level 6.0 Staves
 - Level 5.0 Armour
 + Level 7.8 Shields


You had 8 spell levels left.
You didn't know any spells.
Your spell library contained the following spells:

 Spells                   Type           Power        Failure   Level
 Foxfire                  Conj/Fire      0%           75%         1
 Conjure Flame            Conj/Fire      0%           98%         3
 Inner Flame              Hex/Fire       0%           98%         3
 Sticky Flame             Conj/Fire      0%           100%        4
 Fireball                 Conj/Fire      0%           100%        5


Dungeon Overview and Level Annotations

Branches:
Dungeon (6/15)
 Temple: D:4-7

Altars:
Dithmenos
Gozag
Qazlal
Sif Muna
Uskayaw

Annotations:
D:6 Prince Ribbit


Innate Abilities, Weirdness & Mutations

You cannot be hasted, slowed, berserked, paralysed or teleported.
You can dig through walls and to a lower floor.
Your four strong arms can wield two-handed weapons with a shield.
You have a pair of large antennae on your head. (SInv)


Message History

* * * LOW HITPOINT WARNING * * *
It was a potion of invisibility.
You fade into invisibility!
Prince Ribbit hits you but does no damage.
You block Prince Ribbit's attack.
You are very lightly contaminated with residual magic.
Unknown command.
Unknown command.
It was a potion of flight.
You feel very buoyant.
You fly up into the air.
You feel sick. You block Prince Ribbit's attack. x2
Prince Ribbit barely misses you.
Unknown command.
Unknown command.
You sock Prince Ribbit!
Prince Ribbit is heavily wounded.
Prince Ribbit hits you!
* * * LOW HITPOINT WARNING * * *
Prince Ribbit hits you!
You die...

.....######'#...#.######
............+...........
.........##.#........#.#
#........'..#........#)#
#........####........#.#
.....##'#####......#.#.#
...............###.#.#)#
..##...F.......# #...#)#
#...@.......# #..##.#
#...........# . #.#
#...........# # #..
........#####+## #. ##..
...##..... #..#... ##
#...... #...<..
......$.. #.####.
#.......... # .
#........... #


You could see Prince Ribbit (fast).

Vanquished Creatures
  Sigmund (D:2)
  2 sky beasts (D:5)
  3 phantoms
  3 ogres
  A bullfrog (D:6)
  A scorpion (D:4)
  A howler monkey (D:5)
  2 hounds
  Crazy Yiuf (D:2)
  2 orc wizards (D:4)
  Jessica (D:2)
  4 worker ants
  Robin (D:2)
  7 adders
  A white imp (D:5)
  2 worms
  3 dart slugs
  3 leopard geckos
  13 orcs
  3 ball pythons
  3 giant cockroaches
  7 hobgoblins
  5 jackals
  A quokka (D:3)
  7 bats
  3 frilled lizards
  15 goblins
  5 kobolds
  12 rats
113 creatures vanquished.

Notes
Turn   | Place    | Note
-------+----------+-------------------------------------------
     0 | D:1      | Arum the Formicid Fighter began the quest for the Orb.
     0 | D:1      | Reached XP level 1. HP: 18/18 MP: 1/1
   126 | D:1      | Reached XP level 2. HP: 23/24 MP: 2/2
   466 | D:2      | Reached XP level 3. HP: 23/29 MP: 3/3
   865 | D:2      | Reached XP level 4. HP: 34/37 MP: 4/4
  1143 | D:2      | Noticed Sigmund
  1162 | D:2      | Killed Sigmund
  1163 | D:2      | Reached skill level 5 in Shields
  1163 | D:2      | Reached XP level 5. HP: 13/43 MP: 5/5
  1163 | D:2      | Reached XP level 6. HP: 15/49 MP: 6/6
  1422 | D:2      | Noticed Jessica
  1429 | D:2      | Killed Jessica
  1555 | D:2      | Noticed Robin
  1601 | D:2      | Killed Robin
  1685 | D:2      | Found a runed translucent door.
  1686 | D:2      | Noticed Crazy Yiuf
  1691 | D:2      | Killed Crazy Yiuf
  1781 | D:2      | Found a shadowy altar of Dithmenos.
  1942 | D:3      | Found a faded altar of an unknown god.
  2142 | D:3      | Found an opulent altar of Gozag.
  2167 | D:3      | Found a hide-covered altar of Uskayaw.
  2201 | D:3      | Found a shimmering blue altar of Sif Muna.
  2483 | D:3      | Reached XP level 7. HP: 48/55 MP: 7/7
  2651 | D:4      | Reached skill level 5 in Armour
  2675 | D:4      | Reached skill level 5 in Fighting
  2725 | D:4      | Found a stormy altar of Qazlal.
  2752 | D:4      | Became a worshipper of Qazlal Stormbringer
  3456 | D:4      | Reached XP level 8. HP: 59/64 MP: 8/8
  3722 | D:5      | Entered Level 5 of the Dungeon
  3765 | D:5      | Reached skill level 5 in Staves
  4413 | D:5      | Reached XP level 9. HP: 72/72 MP: 9/9
  4558 | D:6      | Noticed Prince Ribbit
  4581 | D:6      | Slain by Prince Ribbit

Illustrated notes

Levels and vault maps discovered:
D:1:      wander_arrival_fairy_ring, layout_rooms
D:2:      layout_loops_corners, lemuel_coloured_pillars_altar,
          minmay_joined_circles, uniq_crazy_yiuf_cottage, uniq_jessica,
          uniq_sigmund, uniq_robin
D:3:      layout_loops_ring, led_sif_book, lemuel_round_altar,
          lemuel_round_altar, chequers_ecumenical_altar_simple_redux
D:4:      layout_loops_ring, lemuel_round_altar
D:5:      layout_cave_pools
D:6:      layout_basic, marbit_many_paths, gammafunk_ghost_abyssal_escape,
          grunt_gozag_statues, uniq_pikel, uniq_prince_ribbit1, uniq_grinder,
          uniq_maggie

Skill      XL: |  1  2  3  4  5  6  7  8  9 |
---------------+----------------------------+-----
Shields        | 4 5 6 7 |  7.8
Fighting       | 4 5 7 |  7.1
Staves         | 3 4 5 6 |  6.0
Armour         | 4 5 |  5.0

Action                   |  1- 3 |  4- 6 |  7- 9 || total
-------------------------+-------+-------+-------++-------
Melee: Quarterstaff      |    88 |   153 |   137 ||   378
 Abil: Dig               |       |     1 |       ||     1
Evoke: Wand              |       |       |     2 ||     2
  Use: Potion            |       |       |     2 ||     2
Armor: Scale mail        |    47 |    49 |    41 ||   137
Dodge: Dodged            |    34 |    29 |    40 ||   103
Block: Kite shield       |    59 |    58 |    68 ||   185
